 Dungeon Crawl Stone Soup version 0.28-a0-1567-g1695149f81 (webtiles) character file.

Game seed: 12132593797676733155

3733 sbbq2022 the Cutter (level 9, -5/64 (66) HPs)
             Began as a Demonspawn Venom Mage on Jan 19, 2022.
             Was a Priest of Uskayaw.
             Slain by a shadow (32 damage)
             ... on level 8 of the Dungeon.
             The game lasted 00:23:12 (10670 turns).

sbbq2022 the Cutter (Demonspawn Venom Mage)        Turns: 10670, Time: 00:23:13

HP:   -5/64 (66)    AC:  3    Str:  8    XL:     9   Next: 92%
MP:   6/16          EV: 14    Int: 20    God:    Uskayaw [***...]
Gold: 316           SH:  0    Dex: 15    Spells: 7/17 levels left

rFire   . . .      SeeInvis .   b - +0 short sword (elec)
rCold   . . .      Faith    .   (no shield)
rNeg    . . .      Spirit   .   o - +0 robe
rPois   +          Reflect  .   (helmet restricted)
rElec   .          Harm     .   r - +0 cloak
rCorr   .          Rampage  .   (no gloves)
Will    .....                   (no boots)
Stlth   +++.......              (no amulet)
HPRegen 0.20/turn               E - ring of poison resistance
MPRegen 0.30/turn               B - +4 ring of slaying

@: lightly drained
A: antennae 1, hooves 1, magic regeneration, demonic magic 2, demonic touch 1
a: Renounce Religion, Stomp, Line Pass


You were on level 8 of the Dungeon.
You worshipped Uskayaw.
Uskayaw was noncommittal.
You visited 2 branches of the dungeon, and saw 9 of its levels.
You also visited: Sewer.

You collected 316 gold pieces.

Inventory:

Hand Weapons
 a - a +1 dagger of venom
 b - a +0 short sword of electrocution (weapon)
Missiles
 x - 2 throwing nets
Armour
 o - a +0 robe (worn)
 r - a +0 cloak (worn)
Jewellery
 l - a ring of magical power
 v - a ring of flight
 B - a +4 ring of slaying (right hand)
 D - a ring of fire
 E - a ring of poison resistance (left hand)
 I - a +6 ring of intelligence
 K - a ring of protection from fire
Wands
 k - a wand of mindburst (7)
 n - a wand of polymorph (7)
 C - a wand of flame (14)
 H - a wand of iceblast (2)
Scrolls
 c - 4 scrolls of blinking {unknown}
 e - 2 scrolls of torment {unknown}
 f - 5 scrolls of teleportation {unknown}
 j - 5 scrolls of vulnerability {unknown}
 t - 4 scrolls of identify {unknown}
 w - 3 scrolls of enchant weapon {unknown}
 y - a scroll of fear {unknown}
 A - a scroll of fog {unknown}
 G - 2 scrolls of magic mapping {unknown}
 J - a scroll of enchant armour {unknown}
Potions
 d - 6 potions of curing
 g - 3 potions of attraction
 h - 4 potions of mutation {unknown}
 i - a potion of berserk rage {unknown}
 m - 3 potions of ambrosia {unknown}
 p - 4 potions of flight
 q - a potion of haste {unknown}
 s - a potion of might {unknown}
 u - a potion of magic {unknown}
 z - a potion of heal wounds {unknown}
 F - a potion of invisibility {unknown}


   Skills:
 + Level 4.4 Fighting
 * Level 5.7 Short Blades
 + Level 4.0 Armour
 + Level 4.5 Dodging
 + Level 5.0 Stealth
 + Level 4.7 Spellcasting
 - Level 2.2 Conjurations
 - Level 0.8 Transmutations
 * Level 4.8 Ice Magic
 - Level 2.0 Air Magic
 - Level 4.0 Poison Magic


You had 7 spell levels left.
You knew the following spells:

 Your Spells              Type           Power      Damage    Failure   Level
a - Sting                 Tmut/Pois      56%        1d5       4%          1
b - Mephitic Cloud        Conj/Pois/Air  15%        N/A       12%         3
c - Frozen Ramparts       Ice            48%        1d6       4%          3
d - Stone Arrow           Conj/Erth      18%        3d8       22%         3

Your spell library contained the following spells:

 Spells                   Type           Power      Damage    Failure   Level
 Freeze                   Ice            96%        1d11      1%          1
 Poisonous Vapours        Pois/Air       32%        N/A       5%          2
 Sandblast                Erth           8%         2d5       12%         1
 Passwall                 Tmut/Erth      5%         N/A       16%         2
 Ignite Poison            Fire/Tmut/Pois 11%        N/A       19%         3
 Conjure Flame            Conj/Fire      9%         6-21      22%         3
 Olgreb's Toxic Radiance  Pois           20%        N/A       22%         4
 Hailstorm                Conj/Ice       18%        3d6       28%         4
 Confusing Touch          Hex            4%         N/A       34%         3
 Summon Guardian Golem    Hex/Summ       4%         N/A       34%         3
 Fulminant Prism          Conj/Hex       4%         3d6       58%         4
 Iskenderun's Mystic Bla  Conj/Tloc      9%         2d4       58%         4
 Sticky Flame             Conj/Fire      9%         2d3       58%         4
 Lee's Rapid Deconstruct  Erth           2%         3d5*      97%         5
 Ozocubu's Refrigeration  Ice            12%        4d7       100%        7


Dungeon Overview and Level Annotations

Branches:
Dungeon (8/15)             Temple (1/1) D:4           Sewer (visited)
   Lair: D:8-11

Altars:
Ashenzari
Cheibriados
Dithmenos
Gozag
Kikubaaqudgha
Makhleb
Okawaru
Ru
Uskayaw
Vehumet
Xom
Yredelemnul
Beogh

Annotations:
D:2 1 runed translucent door, Crazy Yiuf
D:7 3 runed translucent doors, hashsling's ghost, novice DECj


Innate Abilities, Weirdness & Mutations

You have a pair of small antennae on your head.
You have large cloven feet.
You regenerate magic rapidly.
Spells you cast may paralyse nearby enemies.
Your touch may inflict minor irresistible damage on your foes.


Message History

Aim: a wight, wielding a +5 hand axe and wearing a +0 robe (lightly damaged, 64% to hit)
The stone arrow hits the wight but does no damage.
The wight is lightly damaged.
Malevolent energies surge around you.
The wight suddenly stops moving!
The wall freezes something but does no damage.
The wight resists.
The wall freezes the wight.
The helpless wight fails to defend itself.
You impale the wight!!
You destroy the wight!
The wall freezes something but does no damage.
You can now pass through a line of other dancers.
Your frozen ramparts will break if you move.
Continue?
The frozen ramparts melt away as you move.
The shadow strikes at you from the darkness!
Reactivating autopickup.
There is an open door, spattered with blood here.
Things that are here:
a +5 hand axe; a +0 robe You barely miss the shadow.
The shadow is lightly damaged.
The shadow hits you.
Unknown command.
Casting: Stone Arrow (dangerous; 22% risk of failure)
Confirm with . or Enter, or press ? or * to list all spells.
Aiming: Stone Arrow (dangerous; 22% risk of failure)
Press: ? - help, Shift-Dir - straight line, f - shadow
Aim: a shadow (lightly damaged, 64% to hit)
The stone arrow hits the shadow!
The shadow is severely damaged.
Malevolent energies surge around you.
The shadow slips into darkness.
The shadow flickers and vanishes!
Deactivating autopickup; reactivate with Ctrl-A.
Uskayaw will force your foes to helplessly watch your dance.
Uskayaw prepares the audience for your solo!
Unknown command.
Unknown command.
The shadow strikes at you from the darkness!
Ouch! That really hurt!
You die...

................ ...
................ ..^
####........... ...
#........... #.#
#........... #.# {
##........... .
+#.#+{##...#........
...###...###...##........
.......8@................
..###..{###.............
+#.#).##..#.........
{#.#...##...........
#.##...#.#.........
...##.[#.#......... ...
###.# ........ .... ..
.... ##... ...


There were no monsters in sight!

Vanquished Creatures
  Prince Ribbit (D:7)
  Eustachio (D:4)
  5 yaks (D:8)
  A water moccasin (D:4)
  3 ice beasts
  2 sky beasts
  3 black bears
  3 orc warriors
  An ogre (D:5)
  2 centaurs
  A kobold brigand (Sewer)
  3 wyvern zombies
  A gnoll sergeant (D:6)
  A scorpion (D:5)
  A water moccasin skeleton (D:5)
  A wight (D:8)
  A bullfrog zombie (D:7)
  2 jellies
  3 orc priests
  5 hounds
  2 gnoll shamans
  Terence (D:3)
  2 iguanas
  5 orc wizards
  A howler monkey zombie (D:8)
  13 gnolls
  5 adders
  A river rat (Sewer)
  A shadow imp (D:6)
  2 worms
  3 dart slugs
  18 orcs
  4 bats
  5 endoplasms
  5 giant cockroaches
  6 goblins
  5 hobgoblins
  3 jackals
  2 kobolds
  4 quokkas
  5 ball pythons
  5 frilled lizards
  16 rats
155 creatures vanquished.

Notes
Turn   | Place    | Note
-------+----------+-------------------------------------------
     0 | D:1      | sbbq2022 the Demonspawn Venom Mage began the quest for the
                  | Orb.
     0 | D:1      | Reached XP level 1. HP: 13/13 MP: 3/3
   311 | D:1      | Discovered your monstrous ancestry.
   311 | D:1      | Gained mutation: You have a pair of small antennae on your
                  | head. [demonic ancestry]
   311 | D:1      | Reached XP level 2. HP: 6/20 MP: 0/5
   776 | D:1      | Found a faded altar of an unknown god.
  1531 | D:2      | Found a runed translucent door.
  1532 | D:2      | Noticed Crazy Yiuf
  1738 | D:2      | Reached skill level 1 in Fighting
  1772 | D:2      | Reached skill level 1 in Armour
  1772 | D:2      | Gained mutation: Spells you cast may paralyse adjacent
                  | enemies. [demonic ancestry]
  1772 | D:2      | Reached XP level 3. HP: 26/26 MP: 2/6
  2563 | D:3      | Noticed Terence
  2564 | D:3      | Found a sacrificial altar of Ru.
  2698 | D:3      | Learned a level 3 spell: Mephitic Cloud
  2735 | D:3      | Killed Terence
  2736 | D:3      | Reached skill level 1 in Short Blades
  2736 | D:3      | Reached XP level 4. HP: 32/32 MP: 1/7
  3719 | D:4      | Found a glowing drain.
  3743 | Sewer    | Entered a sewer
  3888 | Sewer    | Noticed a kobold brigand
  3901 | Sewer    | Killed a kobold brigand
  3902 | Sewer    | Gained mutation: You regenerate magic rapidly. [demonic
                  | ancestry]
  3902 | Sewer    | Reached XP level 5. HP: 37/37 MP: 8/8
  4330 | D:4      | Reached skill level 1 in Conjurations
  4330 | D:4      | Reached skill level 1 in Air Magic
  4361 | D:4      | Learned a level 3 spell: Frozen Ramparts
  4398 | D:4      | Noticed Eustachio
  4402 | D:4      | Reached XP level 6. HP: 42/44 MP: 10/10
  4522 | D:4      | Killed Eustachio
  4523 | D:4      | Noticed a water moccasin
  4925 | D:4      | Killed a water moccasin
  4926 | D:4      | Gained mutation: Spells you cast may paralyse nearby
                  | enemies. [demonic ancestry]
  4926 | D:4      | Reached XP level 7. HP: 50/50 MP: 11/11
  5173 | D:4      | Found a staircase to the Ecumenical Temple.
  5208 | Temple   | Entered the Ecumenical Temple
  5231 | Temple   | Became a worshipper of Uskayaw the Reveller
  5364 | D:5      | Entered Level 5 of the Dungeon
  5418 | D:4      | Reached skill level 1 in Ice Magic
  5421 | D:4      | Reached * piety under Uskayaw
  5808 | D:5      | Reached ** piety under Uskayaw
  6855 | D:5      | Got the Collected Works on Cold and Hexes
  6969 | D:5      | Gained mutation: Your touch may inflict minor irresistible
                  | damage on your foes. [demonic ancestry]
  6969 | D:5      | Reached XP level 8. HP: 50/57 MP: 13/13
  7178 | D:5      | Found an opulent altar of Gozag.
  7467 | D:6      | Reached *** piety under Uskayaw
  7916 | D:6      | Learned a level 3 spell: Stone Arrow
  8006 | D:6      | Reached **** piety under Uskayaw
  8554 | D:6      | Gained mutation: You have large cloven feet. [demonic
                  | ancestry]
  8554 | D:6      | Reached XP level 9. HP: 41/64 MP: 15/15
  9192 | D:7      | Found a runed translucent gate.
  9193 | D:7      | Found a runed translucent gate.
  9193 | D:7      | Identified the +10 chain mail of Akiahoepp {Rampage MP-9
                  | Int+3 SInv}
  9194 | D:7      | Found a runed translucent gate.
  9195 | D:7      | Noticed hashsling's ghost (novice DECj)
  9249 | D:7      | Noticed Prince Ribbit
  9263 | D:7      | Killed Prince Ribbit
  9310 | D:7      | Reached skill level 5 in Short Blades
 10126 | D:7      | Found a basalt altar of Yredelemnul.
 10127 | D:7      | Found an iron altar of Okawaru.
 10556 | D:8      | Reached skill level 5 in Stealth
 10670 | D:8      | Slain by a shadow

Illustrated notes

Levels and vault maps discovered:
D:1:      sevenhm_arrival_forest_fort_small_5, layout_basic,
          basic_ecumenical_altar
D:2:      layout_loops_ring, uniq_crazy_yiuf_cottage
D:3:      layout_basic, mainiacjoe_overflow_cross_hatched, uniq_terence
D:4:      layout_rooms, minmay_temple_entry_steel_oval,
          cheibrodos_sewer_entry_drain, uniq_eustachio
D:5:      layout_cave_pools, grunt_gozag_breadcrumbs
D:6:      layout_basic
D:7:      layout_cave_pools, gammafunk_temple_overflow_statue,
          biasface_ghost_orc_armoury, uniq_prince_ribbit1
D:8:      cheibrodos_barr_body, layout_cave_pools, marbit_many_paths,
          serial_bayou_pond_a, minmay_shop_damaged, kennysheep_generic_room_7,
          uniq_psyche
Temple:   eino_temple_scatter_basement

Skill      XL: |  1  2  3  4  5  6  7  8  9 |
---------------+----------------------------+-----
Stealth        | 2 3 4 5 |  5.0
Dodging        | 2 3 4 |  4.5
Fighting       | 1 2 3 4 |  4.4
Armour         | 1 2 3 4 |  4.0
Short Blades   | 1 2 3 4 5 |  5.7
Conjurations   | 1 2 |  2.2
Air Magic      | 1 2 |  2.0
Spellcasting   | 3 4 |  4.7
Ice Magic      | 1 3 4 |  4.8
Poison Magic   | 4 |  4.0
Transmutations | |  0.8

Action                   |  1- 3 |  4- 6 |  7- 9 || total
-------------------------+-------+-------+-------++-------
Melee: Unarmed           |    27 |       |       ||    27
       Punch             |     1 |     3 |     4 ||     8
       Short sword       |    49 |    13 |   100 ||   162
       Dagger            |       |    70 |   101 ||   171
       Touch             |       |       |    17 ||    17
       Kick              |       |       |    19 ||    19
 Cast: Sting             |    54 |    18 |     7 ||    79
       Mephitic Cloud    |       |     7 |    37 ||    44
       Frozen Ramparts   |       |       |    19 ||    19
       Stone Arrow       |       |       |     6 ||     6
Evoke: Wand              |       |     3 |     2 ||     5
  Use: Potion            |       |     1 |     3 ||     4
 Stab: Paralysed         |     9 |     3 |    32 ||    44
       Sleeping          |     2 |     3 |     6 ||    11
       Confused          |       |     6 |    10 ||    16
       Distracted        |       |     1 |     1 ||     2
Armor: Robe              |    14 |     9 |    22 ||    45
       Skin              |     7 |       |       ||     7
Dodge: Dodged            |    42 |    56 |    98 ||   196

Table legend: (Time is in decaauts)
 A = Elapsed time spent in this place.
 B = Non-inter-level travel time spent in this place.
 C = Inter-level travel time spent in this place.
 D = Time resting spent in this place.
 E = Time spent auto-exploring this place.
 F = Levels seen in this place.
 G = Mean time per level.
                   A        B        C        D        E       F      G
               +--------+--------+--------+--------+--------+-----+--------+
         Total |  10678 |  10340 |    338 |   3031 |   5468 |  10 | 1067.8 |
       Dungeon |  10394 |  10072 |    322 |   2990 |   5310 |   8 | 1299.2 |
        Temple |     40 |     24 |     16 |      0 |     11 |   1 |   40.0 |
         Sewer |    243 |    243 |      0 |     41 |    147 |   1 |  243.0 |
               +--------+--------+--------+--------+--------+-----+--------+

Top non-repeatable levels by time:
     D:6: 1965 daAuts
     D:3: 1817 daAuts
     D:1: 1492 daAuts
     D:5: 1466 daAuts
     D:4: 1277 daAuts
     D:2: 1137 daAuts
     D:7: 992 daAuts
     D:8: 245 daAuts
   Sewer: 243 daAuts
  Temple: 40 daAuts
